 Dungeon Crawl Stone Soup version 0.27-a0-1595-g0b823d0a13 (webtiles) character file.

Game seed: 965748558170601279

1454 avis the Martial Artist (level 8, -2/54 HPs)
             Began as an Octopode Transmuter on July 20, 2021.
             Slain by an orc priest (7 damage)
             ... on level 6 of the Dungeon on July 21, 2021.
             The game lasted 00:41:22 (6768 turns).

avis the Martial Artist (Octopode Transmuter)       Turns: 6768, Time: 00:41:22

Health: -2/54      AC:  2    Str: 17    XL:     8   Next: 76%
Magic:  5/11       EV: 21    Int: 21    God:
Gold:   256        SH:  0    Dex: 24    Spells: 3/11 levels left

rFire    . . .     SeeInvis .     - Unarmed
rCold    . . .     Faith    .   (shield currently unavailable)
rNeg     . . .     Spirit   .   (helmet currently unavailable)
rPois    x         Reflect  .   (no amulet)
rElec    .         Harm     .   e - +6 ring of dexterity
rCorr    .         Rampage  .   o - +6 ring of intelligence
Will     .....                  r - +6 ring of strength
Stlth    +++.......             (no ring)
HPRegen  0.18/turn              (no ring)
MPRegen  0.12/turn              (no ring)
                                (no ring)
                                (no ring)

@: spider-form
A: venomous fangs, almost no armour, (amphibious), 8 rings, tiny, (camouflage
1), (gelatinous body 1), (nimble swimmer 1), (tentacles)
a: End Transformation


You were on level 6 of the Dungeon.
You were a venomous arachnid creature.
You visited 1 branch of the dungeon, and saw 6 of its levels.

You collected 256 gold pieces.

Inventory:

Hand Weapons
 b - a +0 hunting sling
 h - a +0 dagger of venom (melded)
 j - a +2 vorpal mace
Missiles
 c - 137 stones
 i - 28 bolts
 m - 33 poisoned darts
 s - 9 boomerangs
 t - 12 sling bullets
 u - 17 arrows
Jewellery
 e - a +6 ring of dexterity (left front leg)
 o - a +6 ring of intelligence (right front leg)
 r - a +6 ring of strength (on tentacle)
Scrolls
 k - a scroll of enchant armour {unknown}
 l - 3 scrolls of teleportation {unknown}
 n - a scroll of fog {unknown}
 p - 3 scrolls of identify {unknown}
 q - a scroll of blinking {unknown}
 v - a scroll of summoning {unknown}
 w - a scroll of noise {unknown}
Potions
 a - 2 potions of might
 d - 2 potions of curing
 f - a potion of degeneration {unknown}
 g - a potion of heal wounds {unknown}
 x - a potion of mutation {unknown}


   Skills:
 - Level 4.0 Fighting
 - Level 3.0 Dodging
 - Level 2.0 Stealth
 * Level 8.7 Unarmed Combat
 - Level 2.0 Spellcasting
 - Level 4.0 Transmutations
 - Level 2.0 Ice Magic
 - Level 2.0 Poison Magic


You had 3 spell levels left.
You knew the following spells:

 Your Spells              Type           Power      Damage    Failure   Level
a - Beastly Appendage     Tmut           36%        N/A       10%         1
p - Spider Form           Tmut/Pois      7%         N/A       30%         3
q - Ice Form              Ice/Tmut       14%        N/A       61%         4

Your spell library contained the following spells:

 Spells                   Type           Power      Damage    Failure   Level
 Wereblood                Tmut           18%        N/A       13%         2
 Animate Skeleton         Necr           4%         N/A       32%         1
 Apportation              Tloc           4%         N/A       32%         1
 Corona                   Hex            2%         N/A       32%         1
 Magic Dart               Conj           8%         1d3       32%         1
 Summon Small Mammal      Summ           8%         N/A       32%         1
 Call Imp                 Summ           2%         N/A       43%         2
 Mephitic Cloud           Conj/Pois/Air  4%         N/A       56%         3
 Call Canine Familiar     Summ           2%         N/A       63%         3
 Portal Projectile        Hex/Tloc       4%         N/A       63%         3
 Leda's Liquefaction      Hex/Erth       1%         N/A       93%         4


Dungeon Overview and Level Annotations

Branches:
Dungeon (6/15)
 Temple: D:4-7

Altars:
Ru

Shops:
D:1 =   D:4 :[(!


Innate Abilities, Weirdness & Mutations

You are a venomous arachnid creature.
You have poisonous fangs.
You are tiny and dextrous.
Your spellcasting is less reliable in this form.
Your armour is entirely melded.
You are incapable of wielding weapons or throwing items.
You cannot wear most types of armour.
((You are amphibious.))
You can wear up to eight rings at the same time.
((Your skin changes colour to match your surroundings (Stealth+).))
((Your rubbery body absorbs attacks. (AC +1, EV +1)))
((You are camouflaged near water. (Stealth+)))
((You have tentacles for arms and can constrict up to eight enemies at once.))


Message History

You turn into a venomous arachnid creature.
Your +0 dagger of venom melds into your body.
Your +0 dagger of venom stops dripping with poison.
You see here a +0 club.
Found a trident.
The orc priest shouts!
The ogre shouts!
The orc priest calls down the wrath of Beogh upon you.
Beogh smites you!
The orc priest casts a cantrip, but nothing happens.
Your transformation is almost over.
The orc priest begins to cast a cantrip, but forgets the words!
You see here a +0 club.
Casting: Spider Form (dangerous; 30% risk of failure)
Confirm with . or Enter, or press ? or * to list all spells.
You miscast Spider Form.
You are very lightly contaminated with residual magic.
Nothing appears to happen.
Casting: Spider Form (dangerous; 30% risk of failure)
Confirm with . or Enter, or press ? or * to list all spells.
You extend your transformation's duration.
The ogre hits you with a +0 giant club!!
Ouch! That really hurt!
You bite the ogre!
The ogre is poisoned.
The ogre is heavily wounded.
You bite the ogre!
The ogre is almost dead.
You kill the ogre!
The orc priest mumbles some strange prayers to Beogh against you.
Beogh smites you!
* * * LOW HITPOINT WARNING * * *
It was a potion of curing.
You feel better.
Your magical contamination has completely faded away.
You bite the orc priest!
The orc priest is poisoned.
The orc priest is severely wounded.
The orc priest hits you with a +0 short sword.
* * * LOW HITPOINT WARNING * * *
You barely miss the orc priest.
The orc priest is almost dead.
The orc priest hits you with a +0 short sword!
You die...

..######.##.#...###.####.........
...### #.######...# #...........
.....###.# ##....# ###.o...o....
.#.......## #...#.###..O....O.##.
.#........###......#...###.......
..........#.......##...# ###.....
..................###..# ##..##
..........##.###.o.#..## #...#
...<.........# #s#))..#######.###
.........[...# #.##........##.#
.............# #.#............#
..#.#.....#.## #>#..#......#..#
....#.....#..# #....#........
.............# #...###..##...
...##........###.<.###..# ...
.####.####..............# .. ##
## ##...###........


You could see an orc priest (very poisoned).

Vanquished Creatures
  An ice beast (D:5)
  A black bear (D:6)
  A necrophage (D:3)
  2 ogres (D:6)
  A bullfrog (D:4)
  5 scorpions
  A centaur zombie (D:5)
  2 bullfrog zombies (D:5)
  2 hounds (D:5)
  A gnoll shaman (D:5)
  A bullfrog skeleton (D:4)
  2 centaur skeletons (D:5)
  Terence (D:3)
  An orc wizard (D:4)
  2 iguanas (D:5)
  A howler monkey skeleton (D:5)
  7 adders
  8 gnolls
  A shadow imp (D:6)
  2 adder skeletons
  A worm (D:3)
  A dart slug (D:4)
  13 orcs
  10 endoplasms
  6 giant cockroaches
  7 hobgoblins
  4 jackals (D:3)
  6 quokkas
  11 ball pythons
  5 bats
  2 frilled lizards
  6 goblins
  11 kobolds
  3 rats
129 creatures vanquished.

Notes
Turn   | Place    | Note
-------+----------+-------------------------------------------
     0 | D:1      | avis the Octopode Transmuter began the quest for the Orb.
     0 | D:1      | Reached XP level 1. HP: 13/13 MP: 3/3
    77 | D:1      | Found Zunuuseony's Jewellery Emporium.
    83 | D:1      | Reached skill level 1 in Stealth
   155 | D:1      | Reached XP level 2. HP: 18/18 MP: 3/5
   578 | D:1      | Reached skill level 1 in Poison Magic
   879 | D:1      | Reached XP level 3. HP: 24/24 MP: 4/6
  1258 | D:1      | Learned a level 3 spell: Spider Form
  1694 | D:2      | Reached XP level 4. HP: 30/30 MP: 3/7
  2384 | D:2      | Reached XP level 5. HP: 36/36 MP: 4/8
  2465 | D:2      | Reached skill level 4 in Unarmed Combat
  2530 | D:2      | Found a faded altar of an unknown god.
  3074 | D:3      | Noticed Terence
  3089 | D:3      | Killed Terence
  3756 | D:4      | Reached skill level 5 in Unarmed Combat
  3756 | D:4      | Reached XP level 6. HP: 42/42 MP: 7/9
  3828 | D:4      | Noticed a necrophage
  3828 | D:4      | Found Jeniu's Antique Weapon Emporium.
  3847 | D:3      | Killed a necrophage
  3954 | D:4      | Reached skill level 6 in Unarmed Combat
  3954 | D:4      | Reached XP level 7. HP: 28/46 MP: 6/10
  4241 | D:4      | Found Vamn's Book Shoppe.
  4539 | D:4      | Found Zigepn's Antique Armour Shoppe.
  4806 | D:4      | Found Mecul's Distillery.
  4814 | D:4      | Learned a level 4 spell: Ice Form
  4911 | D:5      | Entered Level 5 of the Dungeon
  5019 | D:5      | Reached skill level 7 in Unarmed Combat
  5478 | D:5      | Reached XP level 8. HP: 53/54 MP: 9/11
  5828 | D:5      | Reached skill level 8 in Unarmed Combat
  6358 | D:5      | Found a sacrificial altar of Ru.
  6768 | D:6      | Slain by an orc priest

Illustrated notes

Levels and vault maps discovered:
D:1:      tarquinn_simple_flora_water_e, layout_loops_cross, serial_shops, shop
D:2:      layout_basic, hellmonk_ecumenical_altar_inner_sanctum,
          bh_walls_and_bars
D:3:      layout_basic, uniq_terence
D:4:      layout_cave_pools, serial_shops, nicolae_stop_n_shop_2, shop, shop,
          nicolae_square_shop
D:5:      layout_gridville, nicolae_ru_the_path_less_chosen,
          amcnicky_mini_pool_medium
D:6:      layout_cave_pools, nicolae_overflow_quartered_altars,
          minmay_temple_entry_enclosed_plants, uniq_prince_ribbit1,
          uniq_eustachio

Skill      XL: |  1  2  3  4  5  6  7  8 |
---------------+-------------------------+-----
Stealth        | 2 |  2.0
Fighting       | 2 3 4 |  4.0
Poison Magic   | 1 2 |  2.0
Unarmed Combat | 5 6 7 8 |  8.7
Dodging        | 3 |  3.0
Transmutations | 3 4 |  4.0
Ice Magic      | 2 |  2.0
Spellcasting   | |  2.0

Action                   |  1- 3 |  4- 6 |  7- 9 || total
-------------------------+-------+-------+-------++-------
Melee: Short sword       |    47 |     1 |       ||    48
       Kick              |    14 |     3 |     5 ||    22
       Unarmed           |    22 |    99 |   121 ||   242
       Constrict         |    13 |     2 |     5 ||    20
       Tentacles         |     6 |     5 |     2 ||    13
       Dagger            |       |     5 |    16 ||    21
       Punch             |       |     1 |       ||     1
 Cast: Beastly Appendage |    26 |     2 |     6 ||    34
       Spider Form       |     4 |    28 |    31 ||    63
  Use: Potion            |       |       |     1 ||     1
 Stab: Sleeping          |    13 |     8 |     8 ||    29
Armor: Skin              |     3 |     5 |     9 ||    17
Dodge: Dodged            |    28 |    79 |   107 ||   214

Table legend: (Time is in decaauts)
 A = Elapsed time spent in this place.
 B = Non-inter-level travel time spent in this place.
 C = Inter-level travel time spent in this place.
 D = Time resting spent in this place.
 E = Time spent auto-exploring this place.
 F = Levels seen in this place.
 G = Mean time per level.
                   A        B        C        D        E       F      G
               +--------+--------+--------+--------+--------+-----+--------+
         Total |   6759 |   6287 |    472 |   2310 |   2209 |   6 | 1126.5 |
       Dungeon |   6759 |   6287 |    472 |   2310 |   2209 |   6 | 1126.5 |
               +--------+--------+--------+--------+--------+-----+--------+

Top non-repeatable levels by time:
     D:2: 1504 daAuts
     D:5: 1491 daAuts
     D:1: 1404 daAuts
     D:3: 1332 daAuts
     D:4: 773 daAuts
     D:6: 254 daAuts
